 Dungeon Crawl Stone Soup version 0.31-a0-700-gf13585253f (webtiles) character file.

Game seed: 5554536929433605525

13369 qw the Skirmisher (level 12, 1/1 HPs)
             Began as a Gargoyle Hunter on Sept 7, 2023.
             Was an Initiate of Okawaru.
             Quit the game on level 10 of the Dungeon.
             The game lasted 02:10:09 (40142 turns).

qw the Skirmisher (Gargoyle Hunter)                Turns: 40142, Time: 02:10:09

Health: 1/1        AC: 22    Str: 16    XL:     12   Next: 5%
Magic:  15/15      EV: 18    Int: 10    God:    Okawaru [......]
Gold:   1199       SH:  5    Dex: 17    Spells: 11/11 levels left

rFire   . . .        e - +1 orcbow
rCold   + . .        (shield currently unavailable)
rNeg    + + .        a - +3 ring mail {rC+}
rPois   inf          v - +2 hat
rElec   +            j - +2 cloak
rCorr   .            (no gloves)
SInv    .            f - +0 pair of boots
Will    .....        b - amulet of reflection
Stlth   +            k - +5 ring of evasion
HPRegen 0.20/turn    i - ring of positive energy
MPRegen 0.14/turn

%: reflection
@: no status effects
A: sickness immunity, AC +8, negative energy resistance 1, electricity
resistance, torment resistance 1, petrification resistance, deformed body, frail
1
a: Renounce Religion


You were on level 10 of the Dungeon.
You worshipped Okawaru.
Okawaru was noncommittal.
You visited 1 branch of the dungeon, and saw 11 of its levels.

You collected 1199 gold pieces.


Innate Abilities, Weirdness & Mutations

You are immune to sickness and miasma.
Your stone body is resilient. (AC +8)
You are immune to poison.
You resist negative energy. (rN+)
You are resistant to electric shocks. (rElec)
You are resistant to unholy torment.
You are immune to petrification.
Armour fits poorly on your strangely shaped body.
You are frail. (-10% HP)


   Skills:
 - Level 10.1 Fighting
 + Level 14.9 Ranged Weapons
 - Level 5.4 Armour
 - Level 4.7 Dodging
 - Level 1.1 Stealth
 - Level 4.4 Invocations


You had 11 spell levels left.
You didn't know any spells.
Your spell library was empty.

Inventory:

Hand Weapons
 e - a +1 orcbow (weapon)
Armour
 a - a +3 ring mail of cold resistance (worn)
 f - a +0 pair of boots (worn)
 j - a +2 cloak (worn)
 o - the +3 hat of Pondering {ponderous, Will+ MP+10 Int+5}
   (You took it off Gastronok on level 8 of the Dungeon)

   Int+5:     It affects your intelligence (+5).
   Will+:     It increases your willpower.
   MP+10:     It affects your magic capacity (+10).
 p - a +2 leather armour of fire resistance
 q - a +0 troll leather armour
 v - a +2 hat (worn)
Jewellery
 b - an amulet of reflection (around neck)
 i - a ring of positive energy (right hand)
 k - a +5 ring of evasion (left hand)
Scrolls
 m - 3 scrolls of identify
 r - a scroll of teleportation
Potions
 c - a potion of cancellation
 d - 4 potions of curing
 g - a potion of resistance
 h - a potion of magic
 l - 2 potions of enlightenment
 n - 2 potions of might

Dungeon Overview and Level Annotations

Branches:
Dungeon (11/15)            Temple (0/1) D:7            Lair (0/5) D:11
    Orc (0/2) D:9

Altars:
Cheibriados
Dithmenos
Kikubaaqudgha
Okawaru
Ru
Sif Muna
Trog
Uskayaw
Wu Jian
Yredelemnul

Shops:
D:5 *

Annotations:
D:3 3 runed translucent doors, qw's ghost, amateur GrHu
D:9 1 runed translucent door, qw's ghost, novice MiHs


Message History

There is a stone staircase leading up here.
Sorry, I don't know how to get there.
Done exploring.
What level of the Lair of Beasts? (default 1, ? - help) Sorry, I don't know how to get there.
You climb upwards.
There is a stone staircase leading down here.
Done exploring.
What level of the Lair of Beasts? (default 1, ? - help)
You climb downwards.
There is a stone staircase leading up here.
Sorry, I don't know how to get there.
Done exploring.
What level of the Lair of Beasts? (default 1, ? - help) Sorry, I don't know how to get there.
You climb upwards.
There is a stone staircase leading down here.
Done exploring.
What level of the Lair of Beasts? (default 1, ? - help)
You climb downwards.
There is a stone staircase leading up here.
Sorry, I don't know how to get there.
Done exploring.
What level of the Lair of Beasts? (default 1, ? - help) Sorry, I don't know how to get there.
You climb upwards.
There is a stone staircase leading down here.
Done exploring.
What level of the Lair of Beasts? (default 1, ? - help)
You climb downwards.
There is a stone staircase leading up here.
Sorry, I don't know how to get there.
Done exploring.
What level of the Lair of Beasts? (default 1, ? - help) Sorry, I don't know how to get there.
You climb upwards.
Zot's power touches on you...
Buggy note passed: unknown note type
There is a stone staircase leading down here.
40142 ||| QUITTING!
Are you sure you want to abandon this character and quit the game? (Confirm with "yes".)

# #..##..#.# #
#.####.#.## # #.#
#.#..# # ##.#
##.##.# # #..#
#...#.##
####.####[#.#..#
.##..##...#.##.##
.##.###.###.##..##
.#..##....#.....@#
).........#####..#
#.####....# ####
#.# #....# #.#
###### ###


There were no monsters in sight!

Vanquished Creatures
  Gastronok (D:8)
  Erica (D:8)
  2 two-headed ogres
  Lodul (D:11)
  A wizard (D:7)
  An ugly thing (D:11)
  A gargoyle (D:10)
  An unseen horror (D:10)
  3 trolls
  A hornet (D:7)
  Grinder (D:6)
  A shadow (D:9)
  2 wraiths (D:11)
  15 yaks
  A steam dragon (D:8)
  Grum (D:8)
  Eustachio (D:6)
  4 vampire mosquitoes (D:7)
  2 acid dragons (D:9)
  A water moccasin (D:7)
  An ice beast (D:8)
  3 black bears
  2 orc warriors
  A sky beast (D:7)
  11 ogres
  A centaur (D:9)
  3 wolves (D:8)
  2 kobold brigands
  2 bullfrogs
  3 gnoll sergeants (D:9)
  2 scorpions
  7 wights
  5 killer bees (D:9)
  3 howler monkeys (D:9)
  4 hounds
  2 jellies
  A gnoll bouda (D:8)
  2 orc priests (D:10)
  3 iguanas
  Terence (D:3)
  8 orc wizards
  3 adders
  15 gnolls
  2 shadow imps
  A white imp (D:6)
  5 worms
  4 dart slugs
  19 orcs
  6 bats
  6 endoplasms
  4 giant cockroaches
  7 goblins
  5 hobgoblins
  8 jackals
  18 kobolds
  3 quokkas
  8 ball pythons
  4 frilled lizards
  8 rats
235 creatures vanquished.

Notes
Turn   | Place    | Note
-------+----------+-------------------------------------------
     0 | D:1      | qw the Gargoyle Hunter began the quest for the Orb.
     0 | D:1      | Reached XP level 1. HP: 12/12 MP: 1/1
     0 | D:1      | 0 ||| qw: Version: 0.3-a-76-g4403597
     0 | D:1      | 0 ||| qw: Game counter: 564
     0 | D:1      | 0 ||| qw: Melee chars always use a shield: true
     0 | D:1      | 0 ||| qw: God list: Okawaru
     0 | D:1      | 0 ||| qw: Allow faded altars: false
     0 | D:1      | 0 ||| qw: Do Orc after clearing Dungeon:15 true
     0 | D:1      | 0 ||| qw: Do second Lair branch before Depths: true
     0 | D:1      | 0 ||| qw: Lair rune preference: random
     0 | D:1      | 0 ||| qw: Goals: Normal
     0 | D:1      | 0 ||| PLANNING D:1-11
    23 | D:1      | Reached XP level 2. HP: 17/17 MP: 2/2
   234 | D:1      | Reached XP level 3. HP: 21/21 MP: 3/3
   307 | D:1      | Reached skill level 5 in Ranged Weapons
   604 | D:1      | 604 ||| UPGRADING to +0 pair of boots.
   609 | D:1      | 609 ||| UPGRADING to +5 ring of evasion.
   610 | D:1      | 610 ||| READING 2 scrolls labelled ZEIKAUL AMMEFEG.
   611 | D:1      | 611 ||| READING scroll of brand weapon.
   611 | D:1      | 611 ||| BRANDING +0 shortbow of chaos.
   612 | D:1      | 612 ||| READING scroll labelled ICHAUKH FEISI.
   613 | D:1      | 613 ||| READING scroll labelled FOTUNTO YHUULI.
   614 | D:1      | 614 ||| READING scroll labelled JOEPPEKLOYFEE.
   615 | D:1      | 615 ||| DRINKING 2 emerald potions.
   616 | D:1      | 616 ||| DRINKING 2 glowing red potions.
   616 | D:1      | Gained mutation: You occasionally lose the ability to read
                  | scrolls when taking damage. [potion of mutation]
   616 | D:1      | Gained mutation: You have a pair of small antennae on your
                  | head. [potion of mutation]
   617 | D:1      | 617 ||| DRINKING potion of mutation.
   617 | D:1      | Lost mutation: You have a pair of small antennae on your
                  | head. [potion of mutation]
   617 | D:1      | Lost mutation: You occasionally lose the ability to read
                  | scrolls when taking damage. [potion of mutation]
   617 | D:1      | Gained mutation: You sometimes lose your temper in combat.
                  | [potion of mutation]
   618 | D:1      | 618 ||| DROPPING scroll of butterflies.
   746 | D:2      | 746 ||| Stepping ~*~*~tactically~*~*~ (outnumbered).
   747 | D:2      | 747 ||| Stepping ~*~*~tactically~*~*~ (outnumbered).
   749 | D:2      | 749 ||| Stepping ~*~*~tactically~*~*~ (outnumbered).
   756 | D:2      | Reached skill level 3 in Fighting
   815 | D:2      | Reached XP level 4. HP: 28/28 MP: 4/4
  1123 | D:2      | 1123 ||| UPGRADING to +2 cloak.
  1128 | D:2      | 1128 ||| READING 3 scrolls labelled ORUATU QATHRUB.
  1129 | D:2      | 1129 ||| READING scroll labelled QILOITISAFAP.
  1146 | D:2      | 1146 ||| DROPPING 2 scrolls of poison.
  1197 | D:3      | Found a runed translucent gate.
  1197 | D:3      | Found a runed translucent gate.
  1197 | D:3      | Found a runed translucent gate.
  1199 | D:3      | Noticed qw's ghost (amateur GrHu)
  1218 | D:3      | Noticed Terence
  1232 | D:3      | Killed Terence
  1233 | D:3      | Reached skill level 1 in Armour
  1518 | D:3      | You fall into a shaft and drop 1 floor!
  1532 | D:4      | Reached XP level 5. HP: 32/32 MP: 5/5
  1579 | D:4      | 1579 ||| DRINKING potion of mutation.
  1579 | D:4      | Lost mutation: You sometimes lose your temper in combat.
                  | [potion of mutation]
  1579 | D:4      | Gained mutation: Armour fits poorly on your strangely
                  | shaped body. [potion of mutation]
  1579 | D:4      | Gained mutation: You are frail. (-10% HP) [potion of
                  | mutation]
  1694 | D:4      | Found a snail-covered altar of Cheibriados.
  1731 | D:4      | Noticed a black bear
  1732 | D:4      | 1732 ||| RETREATING.
  1737 | D:4      | 1737 ||| Stepping ~*~*~tactically~*~*~ (retreating).
  1742 | D:4      | 1742 ||| Stepping ~*~*~tactically~*~*~ (retreating).
  1743 | D:4      | 1743 ||| Stepping ~*~*~tactically~*~*~ (retreating).
  1744 | D:4      | 1744 ||| Stepping ~*~*~tactically~*~*~ (retreating).
  1746 | D:4      | 1746 ||| Stepping ~*~*~tactically~*~*~ (retreating).
  1749 | D:4      | Killed a black bear
  1750 | D:4      | Reached skill level 6 in Ranged Weapons
  1750 | D:4      | Reached XP level 6. HP: 32/33 MP: 6/6
  1816 | D:4      | Found a bloodstained altar of Trog.
  1885 | D:4      | 1885 ||| UPGRADING to +3 ring mail of cold resistance.
  1895 | D:4      | 1895 ||| DROPPING +0 leather armour.
  1896 | D:4      | 1896 ||| UPGRADING to +0 helmet.
  1901 | D:4      | 1901 ||| UPGRADING to +2 hat.
  1911 | D:4      | 1911 ||| DROPPING +0 helmet.
  1912 | D:4      | 1912 ||| DROPPING +6 ring of intelligence.
  1913 | D:4      | 1913 ||| READING scroll labelled ULYAFI KITESO.
  1914 | D:4      | 1914 ||| READING scroll labelled DATEDDIADI.
  1915 | D:4      | 1915 ||| READING scroll labelled DANI HIAMING.
  1916 | D:4      | 1916 ||| READING scroll labelled DAGUJIANAU.
  1921 | D:4      | 1921 ||| DRINKING 2 smoky golden potions.
  1922 | D:4      | 1922 ||| READING 3 scrolls of identify.
  1922 | D:4      | 1922 ||| IDENTIFYING cyan potion
  1923 | D:4      | 1923 ||| READING 2 scrolls of identify.
  1923 | D:4      | 1923 ||| IDENTIFYING pink potion
  1924 | D:4      | 1924 ||| DROPPING potion of lignification.
  1925 | D:4      | 1925 ||| DROPPING potion of brilliance.
  1975 | D:3      | Found an ancient bone altar of Kikubaaqudgha.
  2099 | D:3      | Found an iron altar of Okawaru.
  2100 | D:3      | 2100 ||| PLANNING OKAWARU WORSHIP
  2104 | D:3      | Became a worshipper of Warmaster Okawaru
  2105 | D:3      | 2105 ||| PLANNING D:1-11
  2122 | D:3      | Found a sacrificial altar of Ru.
  2132 | D:3      | Found an ornate altar of the Wu Jian Council.
  2342 | D:3      | 2342 ||| DROPPING amulet of guardian spirit.
  2343 | D:3      | 2343 ||| READING 2 scrolls of identify.
  2343 | D:3      | 2343 ||| IDENTIFYING yellow potion
  2344 | D:3      | 2344 ||| DROPPING potion of attraction.
  2428 | D:4      | Noticed a black bear
  2437 | D:4      | Killed a black bear
  2438 | D:4      | Reached skill level 7 in Ranged Weapons
  2438 | D:4      | Reached XP level 7. HP: 28/38 MP: 7/7
  2563 | D:5      | Entered Level 5 of the Dungeon
  2696 | D:5      | Found a basalt altar of Yredelemnul.
  2799 | D:5      | Reached * piety under Okawaru
  2838 | D:5      | 2838 ||| INVOKING Heroism.
  2949 | D:5      | Reached skill level 1 in Invocations
  2954 | D:5      | Found Whygajdoha's Whimsical Warehouse.
  2959 | D:5      | 2959 ||| SHOPLISTING ring of Pynopacy {Wiz rC+} (528 gold,
                  | have 259).
  3214 | D:5      | 3214 ||| READING 3 scrolls of identify.
  3214 | D:5      | 3214 ||| IDENTIFYING clear potion
  3215 | D:5      | 3215 ||| READING 2 scrolls of identify.
  3215 | D:5      | 3215 ||| IDENTIFYING inky potion
  3229 | D:6      | Noticed Grinder
  3230 | D:6      | 3230 ||| INVOKING Heroism.
  3235 | D:6      | 3235 ||| STAIRDANCE
  3240 | D:5      | Reached skill level 8 in Ranged Weapons
  3283 | D:6      | 3283 ||| STAIRDANCE
  3298 | D:6      | 3298 ||| INVOKING Heroism.
  3315 | D:6      | Killed Grinder
  3316 | D:6      | Reached skill level 6 in Fighting
  3316 | D:6      | Reached XP level 8. HP: 43/45 MP: 7/9
  3317 | D:6      | 3317 ||| INVOKING Heroism.
  3333 | D:6      | Reached skill level 3 in Invocations
  3574 | D:6      | Noticed Eustachio
  3575 | D:6      | 3575 ||| INVOKING Heroism.
  3578 | D:6      | Killed Eustachio
  3939 | D:6      | 3939 ||| READING 2 scrolls labelled QYNUZ FOMIS.
  3940 | D:6      | 3940 ||| READING 5 scrolls of identify.
  3940 | D:6      | 3940 ||| IDENTIFYING smoky yellow potion
  3941 | D:6      | 3941 ||| READING 4 scrolls of identify.
  3941 | D:6      | 3941 ||| IDENTIFYING golden potion
  3942 | D:6      | 3942 ||| READING 3 scrolls of identify.
  3942 | D:6      | 3942 ||| IDENTIFYING fuming ruby potion
  3943 | D:6      | 3943 ||| READING 2 scrolls of identify.
  3943 | D:6      | 3943 ||| IDENTIFYING glowing coppery potion
  3944 | D:6      | 3944 ||| DROPPING scroll of vulnerability.
  3945 | D:6      | 3945 ||| DROPPING potion of degeneration.
  3946 | D:6      | 3946 ||| DROPPING potion of ambrosia.
  3990 | D:7      | 3990 ||| Stepping ~*~*~tactically~*~*~ (outnumbered).
  4037 | D:7      | Noticed a wizard
  4038 | D:7      | 4038 ||| RETREATING.
  4042 | D:7      | 4042 ||| RETREATING.
  4044 | D:7      | Reached skill level 9 in Ranged Weapons
  4052 | D:7      | Killed a wizard
  4052 | D:7      | Reached ** piety under Okawaru
  4053 | D:7      | Reached XP level 9. HP: 18/49 MP: 12/12
  4077 | D:7      | 4077 ||| FLEEEEING.
  4078 | D:7      | 4078 ||| FLEEEEING.
  4107 | D:7      | 4107 ||| INVOKING Heroism.
  4179 | D:7      | 4179 ||| Stepping ~*~*~tactically~*~*~ (retreating).
  4180 | D:7      | 4180 ||| Stepping ~*~*~tactically~*~*~ (retreating).
  4181 | D:7      | 4181 ||| Stepping ~*~*~tactically~*~*~ (retreating).
  4182 | D:7      | 4182 ||| Stepping ~*~*~tactically~*~*~ (retreating).
  4188 | D:7      | Reached skill level 10 in Ranged Weapons
  4192 | D:7      | Reached skill level 3 in Armour
  4202 | D:7      | 4202 ||| INVOKING Heroism.
  4317 | D:7      | Found a staircase to the Ecumenical Temple.
  4600 | D:7      | Noticed a hornet
  4618 | D:7      | 4618 ||| INVOKING Heroism.
  4619 | D:7      | Killed a hornet
  4686 | D:7      | Identified the +2 mace of Sloth {antimagic, rPois Int+2}
  4886 | D:7      | 4886 ||| DROPPING +1 hat of stealth.
  4887 | D:7      | 4887 ||| READING scroll labelled BUILIC GIDUES.
  4898 | D:8      | Found a shadowy altar of Dithmenos.
  4922 | D:8      | Reached skill level 11 in Ranged Weapons
  4980 | D:8      | 4980 ||| RETREATING.
  4988 | D:8      | Noticed Erica
  4989 | D:8      | 4989 ||| INVOKING Heroism.
  4993 | D:8      | 4993 ||| Stepping ~*~*~tactically~*~*~ (retreating).
  4994 | D:8      | 4994 ||| Stepping ~*~*~tactically~*~*~ (retreating).
  5009 | D:8      | 5009 ||| FLEEEEING.
  5010 | D:8      | 5010 ||| FLEEEEING.
  5011 | D:8      | 5011 ||| FLEEEEING.
  5012 | D:8      | 5012 ||| FLEEEEING.
  5013 | D:8      | 5013 ||| FLEEEEING.
  5014 | D:8      | 5014 ||| FLEEEEING.
  5016 | D:8      | 5016 ||| FLEEEEING.
  5017 | D:8      | 5017 ||| FLEEEEING.
  5017 | D:8      | HP: 6/51 [something (10)]
  5018 | D:8      | 5018 ||| DRINKING 4 potions of heal wounds.
  5019 | D:8      | 5019 ||| FLEEEEING.
  5020 | D:8      | 5020 ||| FLEEEEING.
  5022 | D:8      | 5022 ||| FLEEEEING.
  5023 | D:8      | 5023 ||| FLEEEEING.
  5024 | D:8      | HP: 7/51 [something (9)]
  5025 | D:8      | 5025 ||| DRINKING 3 potions of heal wounds.
  5026 | D:8      | 5026 ||| FLEEEEING.
  5027 | D:8      | 5027 ||| FLEEEEING.
  5028 | D:8      | 5028 ||| FLEEEEING.
  5029 | D:8      | 5029 ||| FLEEEEING.
  5030 | D:8      | 5030 ||| FLEEEEING.
  5031 | D:8      | 5031 ||| FLEEEEING.
  5032 | D:8      | 5032 ||| FLEEEEING.
  5033 | D:8      | 5033 ||| FLEEEEING.
  5034 | D:8      | 5034 ||| FLEEEEING.
  5035 | D:8      | 5035 ||| FLEEEEING.
  5036 | D:8      | 5036 ||| FLEEEEING.
  5037 | D:8      | 5037 ||| FLEEEEING.
  5038 | D:8      | 5038 ||| FLEEEEING.
  5039 | D:8      | 5039 ||| FLEEEEING.
  5040 | D:8      | 5040 ||| FLEEEEING.
  5041 | D:8      | 5041 ||| INVOKING Heroism.
  5046 | D:8      | Killed Erica
  5046 | D:8      | Reached *** piety under Okawaru
  5047 | D:8      | Reached XP level 10. HP: 38/56 MP: 10/13
  5064 | D:8      | 5064 ||| INVOKING Heroism.
  5368 | D:8      | 5368 ||| INVOKING Heroism.
  5453 | D:8      | 5453 ||| INVOKING Heroism.
  5475 | D:8      | Noticed Grum
  5476 | D:8      | 5476 ||| Stepping ~*~*~tactically~*~*~ (retreating).
  5487 | D:8      | 5487 ||| INVOKING Heroism.
  5506 | D:8      | 5506 ||| INVOKING Heroism.
  5515 | D:8      | Killed Grum
  5515 | D:8      | Noticed Gastronok
  5531 | D:8      | HP: 8/57 [Gastronok/the air (16)]
  5532 | D:8      | 5532 ||| READING 2 scrolls of teleportation.
  5533 | D:8      | 5533 ||| DRINKING 2 potions of heal wounds.
  5538 | D:8      | 5538 ||| Stepping ~*~*~tactically~*~*~ (cloud).
  5539 | D:8      | 5539 ||| INVOKING Heroism.
  5730 | D:8      | 5730 ||| INVOKING Heroism.
  5763 | D:8      | 5763 ||| INVOKING Heroism.
  5763 | D:8      | HP: 4/57 [Gastronok/the air (35)]
  5764 | D:8      | 5764 ||| READING scroll of teleportation.
  5765 | D:8      | 5765 ||| DRINKING potion of heal wounds.
  5982 | D:8      | 5982 ||| INVOKING Heroism.
  5996 | D:8      | HP: 5/57 [Gastronok/the air (25)]
  6004 | D:8      | Killed Gastronok
  6005 | D:8      | Reached skill level 12 in Ranged Weapons
  6223 | D:8      | Found a shimmering blue altar of Sif Muna.
  6301 | D:8      | 6301 ||| UPGRADING to amulet of reflection.
  6306 | D:8      | 6306 ||| UPGRADING to ring of positive energy.
  6307 | D:8      | 6307 ||| READING scroll labelled GUWNUA NOCK.
  6408 | D:8      | 6408 ||| READING scroll labelled MYOFERO LETHA.
  6449 | D:9      | 6449 ||| Stepping ~*~*~tactically~*~*~ (outnumbered).
  6450 | D:9      | Noticed a two-headed ogre
  6451 | D:9      | 6451 ||| Stepping ~*~*~tactically~*~*~ (retreating).
  6454 | D:9      | 6454 ||| INVOKING Heroism.
  6458 | D:9      | 6458 ||| Stepping ~*~*~tactically~*~*~ (retreating).
  6459 | D:9      | 6459 ||| Stepping ~*~*~tactically~*~*~ (retreating).
  6460 | D:9      | 6460 ||| Stepping ~*~*~tactically~*~*~ (retreating).
  6461 | D:9      | 6461 ||| Stepping ~*~*~tactically~*~*~ (retreating).
  6463 | D:9      | 6463 ||| Stepping ~*~*~tactically~*~*~ (outnumbered).
  6472 | D:9      | 6472 ||| INVOKING Heroism.
  6473 | D:9      | Killed a two-headed ogre
  6513 | D:9      | 6513 ||| FLEEEEING.
  6516 | D:9      | 6516 ||| STAIRDANCE
  6674 | D:9      | 6674 ||| SWAPPING to +0 orcbow.
  6684 | D:9      | 6684 ||| INVOKING Heroism.
  6686 | D:9      | Reached XP level 11. HP: 40/61 MP: 11/14
  6755 | D:9      | 6755 ||| DROPPING +1 shortbow of freezing.
  6778 | D:9      | 6778 ||| RETREATING.
  6779 | D:9      | 6779 ||| INVOKING Heroism.
  6785 | D:9      | Reached skill level 13 in Ranged Weapons
  6802 | D:9      | 6802 ||| INVOKING Heroism.
  6825 | D:9      | Reached skill level 9 in Fighting
  6923 | D:9      | Found a staircase to the Orcish Mines.
  7003 | D:9      | Noticed qw's ghost (novice MiHs)
  7007 | D:9      | Found a runed translucent door.
  7036 | D:9      | 7036 ||| INVOKING Heroism.
  7191 | D:9      | 7191 ||| INVOKING Heroism.
  7593 | D:10     | Entered Level 10 of the Dungeon
  7636 | D:10     | Identified the +7 plate armour of Reason {MP+9}
  7639 | D:10     | 7639 ||| READING scroll of enchant weapon.
  7639 | D:10     | 7639 ||| ENCHANTING +0 orcbow.
  7721 | D:10     | 7721 ||| INVOKING Heroism.
  7797 | D:10     | 7797 ||| INVOKING Heroism.
  7975 | D:10     | 7975 ||| Stepping ~*~*~tactically~*~*~ (retreating).
  7976 | D:10     | 7976 ||| INVOKING Heroism.
  7985 | D:10     | 7985 ||| Stepping ~*~*~tactically~*~*~ (retreating).
  7986 | D:10     | 7986 ||| Stepping ~*~*~tactically~*~*~ (retreating).
  8006 | D:10     | 8006 ||| INVOKING Heroism.
  8050 | D:10     | HP: 14/63 [something (4)]
  8241 | D:10     | 8241 ||| Stepping ~*~*~tactically~*~*~ (outnumbered).
  8253 | D:10     | 8253 ||| Stepping ~*~*~tactically~*~*~ (outnumbered).
  8257 | D:10     | 8257 ||| DRINKING 2 potions of cancellation.
  8263 | D:10     | 8263 ||| INVOKING Heroism.
  8349 | D:10     | Found a hide-covered altar of Uskayaw.
  8590 | D:10     | 8590 ||| READING 4 scrolls of identify.
  8590 | D:10     | 8590 ||| IDENTIFYING ruby potion
  8591 | D:10     | 8591 ||| DROPPING potion of berserk rage.
  8628 | D:11     | Reached skill level 14 in Ranged Weapons
  8633 | D:11     | 8633 ||| RETREATING.
  8658 | D:11     | 8658 ||| FLEEEEING.
  8659 | D:11     | 8659 ||| FLEEEEING.
  8660 | D:11     | 8660 ||| FLEEEEING.
  8661 | D:11     | 8661 ||| FLEEEEING.
  8662 | D:11     | 8662 ||| FLEEEEING.
  8663 | D:11     | 8663 ||| FLEEEEING.
  8664 | D:11     | 8664 ||| FLEEEEING.
  8665 | D:11     | 8665 ||| FLEEEEING.
  8666 | D:11     | 8666 ||| FLEEEEING.
  8667 | D:11     | 8667 ||| FLEEEEING.
  8767 | D:11     | 8767 ||| INVOKING Heroism.
  8855 | D:11     | Noticed a purple ugly thing
  8865 | D:11     | 8865 ||| INVOKING Heroism.
  8867 | D:11     | Killed a purple ugly thing
  9031 | D:11     | Noticed Lodul
  9032 | D:11     | 9032 ||| RETREATING.
  9056 | D:11     | Killed Lodul
  9056 | D:11     | Reached **** piety under Okawaru
  9067 | D:11     | 9067 ||| INVOKING Heroism.
  9238 | D:11     | 9238 ||| INVOKING Heroism.
  9256 | D:11     | 9256 ||| INVOKING Heroism.
  9441 | D:11     | Noticed a two-headed ogre
  9442 | D:11     | 9442 ||| INVOKING Heroism.
  9446 | D:11     | Killed a two-headed ogre
  9447 | D:11     | Reached XP level 12. HP: 69/69 MP: 12/15
  9705 | D:11     | Found a staircase to the Lair.
 10109 | D:11     | 10109 ||| PLANNING LAIR
 10109 | D:11     | 10109 ||| READING 4 scrolls of identify.
 10109 | D:11     | 10109 ||| IDENTIFYING blue potion
 29741 | D:10     | Glimpsed the power of Zot.
 30141 | D:10     | Glimpsed the power of Zot.
 30461 | D:10     | Glimpsed the power of Zot.
 30541 | D:10     | Touched by the power of Zot (MHP 69 -> 55)
 30542 | D:10     | Glimpsed the power of Zot.
 30942 | D:10     | Glimpsed the power of Zot.
 31262 | D:10     | Glimpsed the power of Zot.
 31341 | D:10     | Touched by the power of Zot (MHP 59 -> 47)
 31342 | D:10     | Glimpsed the power of Zot.
 31742 | D:10     | Glimpsed the power of Zot.
 32062 | D:10     | Glimpsed the power of Zot.
 32141 | D:10     | Touched by the power of Zot (MHP 50 -> 39)
 32142 | D:10     | Glimpsed the power of Zot.
 32542 | D:10     | Glimpsed the power of Zot.
 32862 | D:10     | Glimpsed the power of Zot.
 32941 | D:10     | Touched by the power of Zot (MHP 43 -> 33)
 32942 | D:10     | Glimpsed the power of Zot.
 33342 | D:10     | Glimpsed the power of Zot.
 33662 | D:10     | Glimpsed the power of Zot.
 33741 | D:10     | Touched by the power of Zot (MHP 36 -> 27)
 33742 | D:10     | Glimpsed the power of Zot.
 34142 | D:10     | Glimpsed the power of Zot.
 34462 | D:10     | Glimpsed the power of Zot.
 34541 | D:10     | Touched by the power of Zot (MHP 28 -> 21)
 34542 | D:10     | Glimpsed the power of Zot.
 34942 | D:10     | Glimpsed the power of Zot.
 35262 | D:10     | Glimpsed the power of Zot.
 35341 | D:10     | Touched by the power of Zot (MHP 24 -> 17)
 35342 | D:10     | Glimpsed the power of Zot.
 35742 | D:10     | Glimpsed the power of Zot.
 36062 | D:10     | Glimpsed the power of Zot.
 36141 | D:10     | Touched by the power of Zot (MHP 18 -> 12)
 36142 | D:10     | Glimpsed the power of Zot.
 36542 | D:10     | Glimpsed the power of Zot.
 36862 | D:10     | Glimpsed the power of Zot.
 36941 | D:10     | Touched by the power of Zot (MHP 14 -> 9)
 36942 | D:10     | Glimpsed the power of Zot.
 37342 | D:10     | Glimpsed the power of Zot.
 37662 | D:10     | Glimpsed the power of Zot.
 37741 | D:10     | Touched by the power of Zot (MHP 10 -> 6)
 37742 | D:10     | Glimpsed the power of Zot.
 38142 | D:10     | Glimpsed the power of Zot.
 38462 | D:10     | Glimpsed the power of Zot.
 38541 | D:10     | Touched by the power of Zot (MHP 8 -> 4)
 38542 | D:10     | Glimpsed the power of Zot.
 38942 | D:10     | Glimpsed the power of Zot.
 39262 | D:10     | Glimpsed the power of Zot.
 39341 | D:10     | Touched by the power of Zot (MHP 5 -> 2)
 39342 | D:10     | Glimpsed the power of Zot.
 39742 | D:10     | Glimpsed the power of Zot.
 40062 | D:10     | Glimpsed the power of Zot.
 40141 | D:10     | Touched by the power of Zot (MHP 3 -> 1)
 40142 | D:10     | 40142 ||| QUITTING!
 40142 | D:10     | Quit the game

Levels and vault maps discovered:
D:1:      psy_arrival_terrarium, layout_basic, palyth_stone_intersect
D:2:      layout_rooms, chequers_garden
D:3:      layout_basic, nicolae_overflow_quartered_altars,
          gammafunk_ghost_necromancy, hangedman_decor_points, uniq_terence
D:4:      layout_cave_pools, trog_three_pillars_becter, chei_slow_surprise
D:5:      layout_basic, general_overflow_altar, nicolae_alphabet_shops
D:6:      layout_basic, feat_on_display, uniq_eustachio, uniq_grinder
D:7:      cheibrodos_wizards_tower, layout_loops_ring, temple_pool_b
D:8:      layout_basic, mainiacjoe_overflow_alcove_1,
          nicolae_dithmenos_shadow_blocks, uniq_grum, uniq_gastronok, uniq_erica
D:9:      hellmonk_destroyed_diamonds, layout_cave_pools, orc_0_dummy,
          hellmonk_ghost_happy_afterlife
D:10:     layout_rooms, mainiacjoe_overflow_24_doors
D:11:     layout_layer_cave, dpeg_oklobed_lair, uniq_lodul

Skill      XL: |  1  2  3  4  5  6  7  8  9 10 11 |
---------------+----------------------------------+-----
Ranged Weapons | 5 6 7 8 9 11 12 14 | 14.9
Fighting       | 3 4 6 7 8 10 | 10.1
Armour         | 1 2 3 5 |  5.4
Invocations    | 2 4 |  4.4
Dodging        | 2 4 |  4.7
Stealth        | |  1.1

Action                     |  1- 3 |  4- 6 |  7- 9 | 10-12 || total
---------------------------+-------+-------+-------+-------++-------
   Fire: Shortbow          |   105 |   144 |   314 |   263 ||   826
         Orcbow            |       |       |       |   463 ||   463
 Invoke: Heroism           |       |       |    10 |    27 ||    37
    Use: Scroll            |     5 |     9 |     8 |     7 ||    29
         Potion            |     3 |     2 |     2 |     3 ||    10
 Armour: Leather armour    |    12 |    28 |       |       ||    40
         Ring mail         |       |    12 |   128 |   249 ||   389
  Dodge: Dodged            |    16 |    75 |   133 |   435 ||   659
  Block: Other             |       |       |       |    96 ||    96
         Reflection        |       |       |       |     3 ||     3

Table legend:
 A = Non-vault XP
 B = Vault XP
 C = Vault XP percentage of total XP
 D = Non-vault monster count
 E = Vault monster count
 F = Vault count percentage of total count
                 A         B        C        D         E       F
            +---------+---------+-------+---------+---------+-------
      Total |   13567 |    5532 |  29.0 |     215 |      20 |   8.5
            +---------+---------+-------+---------+---------+-------
        D:1 |      48 |       0 |   0.0 |      28 |       0 |   0.0
        D:2 |      50 |       0 |   0.0 |      22 |       0 |   0.0
        D:3 |      29 |      36 |  55.4 |      16 |       1 |   5.9
        D:4 |     469 |       0 |   0.0 |      18 |       0 |   0.0
        D:5 |     440 |       0 |   0.0 |      11 |       0 |   0.0
        D:6 |     438 |     453 |  50.8 |      10 |       2 |  16.7
        D:7 |    1641 |     265 |  13.9 |      15 |       1 |   6.2
        D:8 |     918 |    2943 |  76.2 |      16 |       6 |  27.3
        D:9 |    3791 |       0 |   0.0 |      38 |       0 |   0.0
       D:10 |    2286 |       0 |   0.0 |      27 |       0 |   0.0
       D:11 |    3457 |    1835 |  34.7 |      14 |      10 |  41.7
            +---------+---------+-------+---------+---------+-------
